 Dungeon Crawl Stone Soup version 0.31-a0-949-g57150269e1 (webtiles) character file.

Game seed: 1446033306064665511

404 Shayle the Trooper (level 6, -3/68 HPs)
             Began as an Ogre Hexslinger on Oct 22, 2023.
             Slain by a black bear (11 damage)
             ... on level 4 of the Dungeon.
             The game lasted 00:07:48 (2805 turns).

Shayle the Trooper (Ogre Hexslinger)                Turns: 2805, Time: 00:07:54

Health: -3/68      AC:  3    Str: 13    XL:     6   Next: 86%
Magic:  7/7        EV: 11    Int: 21    God:
Gold:   124        SH:  0    Dex: 11    Spells: 5/7 levels left

rFire   + . .        l - +7 hand axe of the Breathing Shark {vamp, Int+5}
rCold   . . .        (no shield)
rNeg    . . .        c - +0 robe
rPois   .            (helmet restricted)
rElec   .            (no cloak)
rCorr   .            (gloves unavailable)
SInv    .            (boots unavailable)
Will    .....        (no amulet)
Stlth   +            j - ring of protection from fire
HPRegen 0.31/turn    (no ring)
MPRegen 0.10/turn

%: no passive effects
@: no status effects
A: large, unfitting armour, tough skin 1
a: no special abilities


You were on level 4 of the Dungeon.
You visited 1 branch of the dungeon, and saw 4 of its levels.

You collected 124 gold pieces.

Inventory:

Hand Weapons
 a - a +1 sling
 l - the +7 hand axe of the Breathing Shark (weapon) {vamp, Int+5}
   (You found it on level 3 of the Dungeon)

   Int+5:     It affects your intelligence (+5).
 p - a +2 short sword of flaming
Missiles
 f - 3 curare-tipped darts
Armour
 c - a +0 robe (worn)
Jewellery
 j - a ring of protection from fire (left hand)
Talismans
 t - a serpent talisman
Scrolls
 b - a scroll of poison
 g - a scroll of vulnerability {unknown}
 h - a scroll of amnesia {unknown}
 k - a scroll of teleportation {unknown}
 m - a scroll of enchant armour {unknown}
 r - a scroll of blinking {unknown}
 s - a scroll of identify {unknown}
Potions
 d - a potion of ambrosia {unknown}
 e - 2 potions of brilliance {unknown}
 i - a potion of resistance {unknown}
 n - a potion of magic {unknown}
 o - a potion of curing {unknown}
 q - a potion of invisibility {unknown}


   Skills:
 + Level 6.3 Fighting
 - Level 1.3 Ranged Weapons
 + Level 4.7 Dodging
 - Level 1.2 Spellcasting
 - Level 2.6 Hexes
 - Level 0.8 Fire Magic


You had 5 spell levels left.
You knew the following spells:

 Your Spells              Type           Power      Damage    Failure   Level
a - Jinxbite              Hex            24%        N/A       9%          2

Your spell library contained the following spells:

 Spells                   Type           Power      Damage    Failure   Level
 Ensorcelled Hibernation  Hex/Ice        12%        N/A       14%         2
 Apportation              Tloc           2%         N/A       16%         1
 Necrotise                Necr           4%         1d4       16%         1
 Summon Small Mammal      Summ           4%         N/A       16%         1
 Sigil of Binding         Hex            12%        N/A       16%         3
 Lesser Beckoning         Tloc           2%         N/A       24%         2
 Passwall                 Tmut/Erth      0%         N/A       24%         2
 Inner Flame              Hex/Fire       8%         N/A       24%         3
 Gell's Gravitas          Tloc           1%         N/A       43%         3
 Swiftness                Air            1%         N/A       43%         3
 Teleport Other           Tloc           1%         N/A       43%         3
 Cause Fear               Hex            6%         N/A       47%         4
 Dimensional Bullseye     Hex/Tloc       3%         N/A       67%         4


Dungeon Overview and Level Annotations

Branches:
Dungeon (4/15)
 Temple: D:4-7

Altars:
Wu Jian
Xom
Zin


Innate Abilities, Weirdness & Mutations

You are too large for most types of armour.
You have tough skin. (AC +1)


Message History

The black bear claws you but does no damage.
You hit the black bear.
You feel better.
The black bear is lightly wounded.
The black bear bites you!
The black bear claws you but does no damage.
The black bear closely misses you.
You slash the black bear!
The black bear is heavily wounded.
The black bear bites you! The black bear claws you.
The black bear closely misses you.
You barely miss the black bear.
The black bear is heavily wounded.
The black bear bites you. The black bear completely misses you.
The black bear barely misses you. The black bear bites you.
The black bear claws you. The black bear closely misses you.
You closely miss the black bear.
The black bear is heavily wounded.
The black bear bites you. The black bear closely misses you.
The black bear claws you.
You barely miss the black bear.
The black bear is heavily wounded.
The black bear bites you. The black bear claws you.
The black bear claws you but does no damage.
You slash the black bear!
The black bear is almost dead.
The black bear goes berserk!
The black bear completely misses you.
The black bear claws you but does no damage.
The black bear barely misses you.
You hit the black bear.
You feel better.
The black bear is almost dead.
The black bear bites you. The black bear misses you.
The black bear completely misses you.
You hit the black bear.
The black bear is almost dead.
The black bear bites you!
* * * LOW HITPOINT WARNING * * *
The black bear claws you.
* * * LOW HITPOINT WARNING * * *
The black bear misses you. The black bear bites you!
You die...

##.## ##.##.# ####
##...#.# # ##......####
# #.......>..# #
#.......##.# #
#.#......#.#######.# #
#.##...............# #
#.#......#.#.####### #
#.#..#......@h...?..
#####.#..###.#.#.#######
.)...............#
########.#########
........# #########


You could see a black bear (berserk).

Vanquished Creatures
  A scorpion (D:4)
  A jelly (D:4)
  An orc priest (D:4)
  2 hounds
  An iguana (D:4)
  2 orc wizards
  Robin (D:2)
  An adder (D:3)
  4 dart slugs
  14 orcs
  6 endoplasms
  3 giant cockroaches
  21 goblins
  11 hobgoblins
  4 quokkas
  7 ball pythons
  5 bats
  A frilled lizard (D:2)
  7 kobolds
  12 rats
105 creatures vanquished.

Notes
Turn   | Place    | Note
-------+----------+-------------------------------------------
     0 | D:1      | Shayle the Ogre Hexslinger began the quest for the Orb.
     0 | D:1      | Reached XP level 1. HP: 19/19 MP: 2/2
    90 | D:1      | Found a faded altar of an unknown god.
   108 | D:1      | Reached skill level 2 in Fighting
   117 | D:1      | Reached XP level 2. HP: 28/28 MP: 3/3
   295 | D:1      | Learned a level 2 spell: Jinxbite
   464 | D:1      | Reached XP level 3. HP: 36/36 MP: 4/4
   557 | D:1      | Reached skill level 3 in Fighting
   895 | D:2      | Noticed Robin
  1124 | D:2      | You fall into a shaft and drop 1 floor!
  1202 | D:3      | Identified the +7 hand axe of the Breathing Shark {vamp,
                  | Int+5}
  1221 | D:3      | Reached XP level 4. HP: 43/43 MP: 5/5
  1297 | D:3      | Found an ornate altar of the Wu Jian Council.
  1319 | D:3      | Reached skill level 4 in Fighting
  1501 | D:3      | Reached XP level 5. HP: 52/55 MP: 6/6
  1900 | D:4      | Noticed an angel
  1900 | D:4      | Found a shimmering altar of Xom.
  1900 | D:4      | Found a glowing silver altar of Zin.
  1958 | D:2      | Reached skill level 5 in Fighting
  1997 | D:2      | Found an ornate altar of the Wu Jian Council.
  2131 | D:2      | Killed Robin
  2311 | D:4      | Reached XP level 6. HP: 40/66 MP: 7/7
  2631 | D:4      | Reached skill level 6 in Fighting
  2770 | D:4      | Noticed a black bear
  2805 | D:4      | Slain by a black bear

Illustrated notes

Levels and vault maps discovered:
D:1:      giann_wishing_wells, layout_basic,
          shapermc_ecumenical_altar_starsandcircs, minmay_misc_feat_tower,
          minmay_surrounded
D:2:      layout_basic, basic_altar, uniq_robin
D:3:      layout_basic, nzn_wu_jian_contemplation, minivault_27
D:4:      layout_loops_ring, grunt_temple_overflow_order_and_chaos_1,
          serial_shops, shop

Skill      XL: |  1  2  3  4  5  6 |
---------------+-------------------+-----
Dodging        | 2 3 4 |  4.7
Fighting       | 2 3 4 5 6 |  6.3
Ranged Weapons | |  1.3
Spellcasting   | |  1.2
Hexes          | |  2.6
Fire Magic     | |  0.8

Action                     |  1- 3 |  4- 6 || total
---------------------------+-------+-------++-------
  Melee: Hand axe          |     4 |   124 ||   128
   Fire: Sling             |   122 |       ||   122
   Stab: Sleeping          |       |     1 ||     1
 Armour: Robe              |    57 |   115 ||   172
  Dodge: Dodged            |    41 |    60 ||   101

Table legend: (Time is in decaauts)
 A = Elapsed time spent in this place.
 B = Non-inter-level travel time spent in this place.
 C = Inter-level travel time spent in this place.
 D = Time resting spent in this place.
 E = Time spent auto-exploring this place.
 F = Levels seen in this place.
 G = Mean time per level.
                   A        B        C        D        E       F      G
               +--------+--------+--------+--------+--------+-----+--------+
         Total |   2886 |   2639 |    247 |    132 |   1809 |   4 |  721.5 |
       Dungeon |   2886 |   2639 |    247 |    132 |   1809 |   4 |  721.5 |
               +--------+--------+--------+--------+--------+-----+--------+

Top non-repeatable levels by time:
     D:1: 1068 daAuts
     D:3: 880 daAuts
     D:4: 526 daAuts
     D:2: 411 daAuts
